 Dungeon Crawl Stone Soup version 0.27.1-1-g398f81649c (console) character file.

Game seed: 14428374377280602558

0 om the Sneak (level 1, -3/10 HPs)
             Began as a Kobold Enchanter on Sept 16, 2021.
             Slain by a kobold (4 damage)
             ... on level 1 of the Dungeon.
             The game lasted 00:00:41 (43 turns).

om the Sneak (Kobold Enchanter)                       Turns: 43, Time: 00:00:41

Health: -3/10      AC:  2    Str:  5    XL:     1   Next: 11%
Magic:  1/3        EV: 15    Int: 16    God:
Gold:   0          SH:  0    Dex: 15    Spells: 3/4 levels left

rFire    . . .     SeeInvis .   a - +1 dagger
rCold    . . .     Faith    .   (shield restricted)
rNeg     . . .     Spirit   .   b - +0 robe
rPois    .         Reflect  .   (no helmet)
rElec    .         Harm     .   (no cloak)
rCorr    .         Rampage  .   (no gloves)
Will     .....                  (no boots)
Stlth    ++++......             (no amulet)
HPRegen  0.03/turn              (no ring)
MPRegen  0.08/turn              (no ring)

@: very slightly contaminated
A: small, no large weapons, nightstalker 3
a: no special abilities


You were on level 1 of the Dungeon.
You visited 1 branch of the dungeon, and saw 1 of its levels.

Inventory:

Hand Weapons
 a - a +1 dagger (weapon)
Armour
 b - a +0 robe (worn)


   Skills:
 * Level 1.4 Short Blades
 + Level 2.4 Dodging
 + Level 4.0 Stealth
 + Level 2.2 Spellcasting
 + Level 3.0 Hexes


You had 3 spell levels left.
You knew the following spells:

 Your Spells              Type           Power      Damage    Failure   Level
a - Corona                Hex            12%        N/A       6%          1

Your spell library contained the following spells:

 Spells                   Type           Power      Damage    Failure   Level
 Ensorcelled Hibernation  Hex/Ice        12%        N/A       17%         2
 Confusing Touch          Hex            11%        N/A       19%         3
 Tukima's Dance           Hex            11%        N/A       19%         3
 Dazzling Flash           Conj/Hex       12%        N/A       32%         3


Dungeon Overview and Level Annotations

Branches:
Dungeon (1/15)

Altars:


Innate Abilities, Weirdness & Mutations

You are small and have problems with some larger weapons.
You are completely attuned to the shadows.


Message History

You enter the shallow water.
Moving in this stuff is going to be slow.
Found a club.
A rat comes into view.
A rat is nearby!
A kobold comes into view. It is wielding a +0 dagger.
You hit the rat.
You kill the rat!
You see here a rat corpse.
The kobold shouts!
You barely miss the kobold. The kobold closely misses you.
A giant cockroach comes into view.
You closely miss the kobold. The kobold hits you with a +0 dagger.
You closely miss the kobold. The kobold misses you.
You closely miss the kobold. The kobold hits you with a +0 dagger.
You see here a rat corpse.
The kobold throws a stone.
The stone barely misses you.
The kobold throws a stone.
The stone barely misses you.
Aiming: Corona (safe; 6% risk of failure)
Press: ? - help, Q - select action Shift-Dir - straight line, f - kobold
Aim: a kobold, wielding a +0 dagger and quivering stones (chance to affect: 64%)
The kobold barely resists.
The kobold completely misses you. The kobold completely misses you.
You hit the kobold but do no damage. The kobold hits you with a +0 dagger.
You barely miss the kobold. The kobold hits you but does no damage.
Aiming: Corona (safe; 6% risk of failure)
Press: ? - help, Q - select action Shift-Dir - straight line, f/p - kobold
Aim: a kobold, wielding a +0 dagger and quivering stones (chance to affect: 64%)
You miscast Corona.
You are very lightly contaminated with residual magic.
Nothing appears to happen.
The kobold hits you with a +0 dagger.
* * * LOW HITPOINT WARNING * * *
You closely miss the kobold. The kobold hits you but does no damage.
You hit the kobold but do no damage. The kobold misses you.
You hit the kobold.
The kobold is heavily wounded.
The kobold hits you with a +0 dagger.
You die...

.... .#.#
#.#.#.#.#
......... #...# #
#.†.#.# #.B)..#
#..####. #.......
##.#####
#.####.#####
####...@K......
≈≈≈≈≈≈≈≈≈##.#####
≈8≈≈≈≈≈≈8§##.#
≈≈8≈≈≈≈8≈≈...#
≈≈≈####≈≈§...#
≈≈≈#<.'≈≈≈)..#
≈≈≈#..'≈≈≈...#
≈≈≈####≈≈≈...#
≈≈8≈≈≈≈8≈≈.#
≈8≈≈≈≈≈≈8≈.


You could see a kobold.

Vanquished Creatures
  A rat (D:1)
1 creature vanquished.

Notes
Turn   | Place    | Note
-------+----------+-------------------------------------------
     0 | D:1      | om the Kobold Enchanter began the quest for the Orb.
     0 | D:1      | Reached XP level 1. HP: 10/10 MP: 3/3
    43 | D:1      | Slain by a kobold

Illustrated notes

Levels and vault maps discovered:
D:1:      lightli_arrival_boilingwater, layout_basic

Action                   || total
-------------------------++-------
Melee: Dagger            ||    10
 Cast: Corona            ||     1
Armor: Robe              ||     2
Dodge: Dodged            ||     7
